Is Italian Infantry best 1v1 battlegroup for DAK?

Match 33762633
End
Royal Engineer Section
Construct Section Command Post
Infantry Section
Dingo Light Scout Car
Infantry Section
Infantry Section
Construct Field Infirmary
Construct Platoon Command Post
Selects Indian Artillery Battlegroup
Infantry Training
Selects Towed ML 4.2-inch Heavy Mortar
Grenade Package
6-pounder Anti-tank Gun Team
Selects War Cry
Selects Gurkha Rifles Section
Gurkha Rifles Section
Gurkha Rifles Section
6-pounder Anti-tank Gun Team
Construct Company Command Post
Selects Volunteer Infantry
Crusader II Medium Tank
Royal Engineer Section
Crusader II Medium Tank
Unlock M3 Grant Medium Tanks
Selects Off-map Airburst Barrage
Selects Perimeter Monitor
M3 Grant Medium Tank
Armored Vehicle Training
Gurkha Rifles Section
M3 Grant Medium Tank
6-pounder Anti-tank Gun Team
Team Weapon Training
M3 Grant Medium Tank
M3 Grant Medium Tank
_
donkeypunter
0
0

Comments sign in to comment!

donkeypunter [U] 9 months ago

minus 33% incoming dmg and plus 7 range on team weapons... Practically the only benefit I made use of; very powerful